APL (24 & UNDER)
KENOSHA KINGFISH @ STATE COLLEGE SPIKES
07/10/2026
 
TOP OF THE 1ST
Kenosha Kingfish batting - Pitching for State College Spikes : LHP John Knight
Pitching: LHP John Knight
Batting: RHB Manuel Gómez 0-0: Ball
1-0: Called Strike
1-1: Ball
2-1: Ball
3-1: Called Strike
3-2: TRIPLE (Line Drive, 9LM)
Batting: SHB Júlio Valentín 0-0: Ball
1-0: Called Strike
1-1: Ball
2-1: DOUBLE (Line Drive, 78M)
Manuel Gómez scores
Batting: RHB Francisco Martínez 0-0: Ground out 4-3 (Groundball, 4)
Júlio Valentín to third
Batting: RHB Matt Rodríguez 0-0: Ball
1-0: Called Strike
1-1: Ball
2-1: Swinging Strike
2-2: Ball
3-2: Base on Balls
Batting: SHB Devin Smith 0-0: Called Strike
0-1: Swinging Strike
0-2: Ball
1-2: Strikes out swinging
Batting: RHB Sergio Mata 0-0: Ball
1-0: Called Strike
1-1: Swinging Strike
1-2: Ball
2-2: Ball
3-2: Base on Balls
Matt Rodríguez to second
Batting: LHB Miguel Flores 0-0: Called Strike
0-1: Ball
1-1: Ground out 4-3 (Groundball, 4)
Top of the 1st over - 1 run(s), 2 hit(s), 0 error(s), 3 left on base; Kenosha 1 - State College 0
BOTTOM OF THE 1ST
State College Spikes batting - Pitching for Kenosha Kingfish : RHP Kel Meyer
Pitching: RHP Kel Meyer
Batting: RHB Rafael Ortíz 0-0: Ball
1-0: Ball
2-0: Ground out 6-3 (Groundball, 6)
Batting: RHB Piotr Zahn 0-0: Ball
1-0: Ball
2-0: Ball
3-0: Called Strike
3-1: Swinging Strike
3-2: SINGLE (Groundball, 6D)
Batting: RHB Martín López 0-0: Swinging Strike
0-1: Swinging Strike
0-2: Ground out 5-3 (Groundball, 5S)
Piotr Zahn to second
Batting: SHB Clint Woods 0-0: Ground out 2-3 (Groundball, 2L)
Bottom of the 1st over - 0 run(s), 1 hit(s), 0 error(s), 1 left on base; Kenosha 1 - State College 0
TOP OF THE 2ND
Kenosha Kingfish batting - Pitching for State College Spikes : LHP John Knight
Batting: RHB Doug Lutz 0-0: Ground out 6-3 (Groundball, 6)
Batting: RHB Tommy Davenport 0-0: Called Strike
0-1: Called Strike
0-2: Strikes out swinging
Batting: RHB Manuel Gómez 0-0: Ball
1-0: Fly out, F8 (Flyball, 8LM)
Top of the 2nd over - 0 run(s), 0 hit(s), 0 error(s), 0 left on base; Kenosha 1 - State College 0
BOTTOM OF THE 2ND
State College Spikes batting - Pitching for Kenosha Kingfish : RHP Kel Meyer
Batting: SHB Greg Butterfield 0-0: Ball
1-0: Called Strike
1-1: Ball
2-1: Swinging Strike
2-2: Strikes out swinging
Batting: LHB Burt Ward 0-0: SINGLE (Groundball, 3L) (infield hit)
Batting: SHB Thomas Simmons 0-0: Ball
1-0: SINGLE (Groundball, 4MD)
Burt Ward to second
Batting: RHB Javier Peńa 0-0: Foul Ball, location: 2F
0-1: Ball
1-1: Fly out, F8 (Line Drive, 8LM)
Batting: RHB Andrew Deal 0-0: Foul Ball, location: 2F
0-1: Ball
1-1: Swinging Strike
1-2: Foul Ball, location: 2F
1-2: Ball
2-2: Strikes out looking
Bottom of the 2nd over - 0 run(s), 2 hit(s), 0 error(s), 2 left on base; Kenosha 1 - State College 0
TOP OF THE 3RD
Kenosha Kingfish batting - Pitching for State College Spikes : LHP John Knight
Batting: SHB Júlio Valentín 0-0: Ball
1-0: Ball
2-0: Fly out, F9 (Flyball, 89D)
Batting: RHB Francisco Martínez 0-0: Called Strike
0-1: SOLO HOME RUN (Flyball, 9D), Distance : 406 ft
Batting: RHB Matt Rodríguez 0-0: Ball
1-0: Foul Ball, location: 2F
1-1: Ball
2-1: Called Strike
2-2: Strikes out swinging
Batting: SHB Devin Smith 0-0: Swinging Strike
0-1: Ball
1-1: Ball
2-1: Ground out 6-3 (Groundball, 6D)
Top of the 3rd over - 1 run(s), 1 hit(s), 0 error(s), 0 left on base; Kenosha 2 - State College 0
BOTTOM OF THE 3RD
State College Spikes batting - Pitching for Kenosha Kingfish : RHP Kel Meyer
Batting: RHB Rafael Ortíz 0-0: Fly out, F3 (Popup, 3SF)
Batting: RHB Piotr Zahn 0-0: Called Strike
0-1: Ball
1-1: SINGLE (Groundball, 56D)
Batting: RHB Martín López 0-0: Called Strike
0-1: Swinging Strike
0-2: Ball
1-2: Foul Ball, location: 2F
1-2: Ball
2-2: Ball
3-2: Foul Ball, location: 2F
3-2: Strikes out swinging
Batting: SHB Clint Woods 0-0: Called Strike
0-1: Ball
1-1: Ball
2-1: Ball
3-1: Base on Balls
Piotr Zahn to second
Batting: SHB Greg Butterfield 0-0: Swinging Strike
0-1: Ball
1-1: SINGLE (Groundball, 4MD)
Piotr Zahn to third
Clint Woods to second
Runner from 3rd tries for Home, SAFE, no throw or cutoff
Batting: LHB Burt Ward 0-0: Ball
1-0: Ball
2-0: Ball
3-0: Called Strike
3-1: Foul Ball, location: 2F
3-2: Foul Ball, location: 2F
3-2: Ground out 1-3 (Groundball, 15)
Bottom of the 3rd over - 1 run(s), 2 hit(s), 0 error(s), 2 left on base; Kenosha 2 - State College 1
TOP OF THE 4TH
Kenosha Kingfish batting - Pitching for State College Spikes : LHP John Knight
Batting: RHB Sergio Mata 0-0: Ball
1-0: Called Strike
1-1: Called Strike
1-2: Strikes out swinging
Batting: LHB Miguel Flores 0-0: Called Strike
0-1: Fly out, F8 (Popup, 4MD)
Batting: RHB Doug Lutz 0-0: Ball
1-0: Foul Ball, location: 2F
1-1: Ball
2-1: Foul Ball, location: 2F
2-2: Foul Ball, location: 2F
2-2: Foul Ball, location: 2F
2-2: Fly out, F7 (Flyball, 78M)
Top of the 4th over - 0 run(s), 0 hit(s), 0 error(s), 0 left on base; Kenosha 2 - State College 1
BOTTOM OF THE 4TH
State College Spikes batting - Pitching for Kenosha Kingfish : RHP Kel Meyer
Batting: SHB Thomas Simmons 0-0: Called Strike
0-1: Ball
1-1: Foul Ball, location: 2F
1-2: SINGLE (Groundball, 6MD)
Batting: RHB Javier Peńa 0-0: Called Strike
0-1: Ball
1-1: Ball
2-1: Fly out, F7 (Flyball, 78S)
Batting: RHB Andrew Deal 0-0: Foul Ball, location: 2F
0-1: Ball
1-1: Ball
2-1: Swinging Strike
2-2: SINGLE (Line Drive, 8RS)
Thomas Simmons to second
Batting: RHB Rafael Ortíz 0-0: Ball
1-0: Called Strike
Thomas Simmons steals 3rd base
Andrew Deal to second
1-1: Ball
2-1: Ball
3-1: Foul Ball, location: 2F
3-2: SINGLE (Groundball, 6)
Thomas Simmons scores
Andrew Deal to third
Runner from 3rd tries for Home, SAFE, no throw or cutoff
Batting: RHB Piotr Zahn 0-0: Called Strike
0-1: Swinging Strike
0-2: Ball
1-2: Strikes out swinging
Batting: RHB Martín López 0-0: Ball
1-0: Ball
2-0: Called Strike
2-1: Ball
3-1: Base on Balls
Rafael Ortíz to second
Pitching: RHP Jesús Martínez
Batting: SHB Clint Woods 0-0: Fly out, F8 (Flyball, 8LD)
Bottom of the 4th over - 2 run(s), 3 hit(s), 0 error(s), 2 left on base; Kenosha 2 - State College 3
TOP OF THE 5TH
Kenosha Kingfish batting - Pitching for State College Spikes : LHP John Knight
Batting: RHB Tommy Davenport 0-0: Fly out, F4 (Popup, 4D)
Batting: RHB Manuel Gómez 0-0: Called Strike
0-1: Ball
1-1: Foul Ball, location: 2F
1-2: Ball
2-2: SINGLE (Groundball, 34S) (infield hit)
Batting: SHB Júlio Valentín 0-0: Called Strike
0-1: Called Strike
0-2: Ball
1-2: Ball
2-2: Ball
3-2: Strikes out looking
Batting: RHB Francisco Martínez 0-0: Ball
1-0: Ball
2-0: Ball
Pickoff Throw by Catcher to First - Error! E2
Manuel Gómez to second
3-0: Called Strike
3-1: Foul Ball, location: 2F
3-2: Ground out 4-3 (Groundball, 4)
Top of the 5th over - 0 run(s), 1 hit(s), 1 error(s), 1 left on base; Kenosha 2 - State College 3
BOTTOM OF THE 5TH
State College Spikes batting - Pitching for Kenosha Kingfish : RHP Jesús Martínez
Batting: SHB Greg Butterfield 0-0: Ground out 4-3 (Groundball, 4M)
Batting: LHB Burt Ward 0-0: Called Strike
0-1: Ball
1-1: Ball
2-1: Ground out 4-3 (Groundball, 4M)
Batting: SHB Thomas Simmons 0-0: Ball
1-0: Ball
2-0: Ball
3-0: Base on Balls
Batting: RHB Javier Peńa 0-0: Ball
1-0: Called Strike
1-1: Ball
Throwing error on steal attempt, E2
Thomas Simmons to third
2-1: Ground out 5-3 (Groundball, 56S)
Bottom of the 5th over - 0 run(s), 0 hit(s), 1 error(s), 1 left on base; Kenosha 2 - State College 3
TOP OF THE 6TH
Kenosha Kingfish batting - Pitching for State College Spikes : LHP John Knight
Batting: RHB Matt Rodríguez 0-0: Ball
1-0: Swinging Strike
1-1: Foul Ball, location: 2F
1-2: SINGLE (Line Drive, 4M)
Pitching: RHP Chris Mitchell
Batting: SHB Devin Smith 0-0: Foul Ball, location: 2F
0-1: Foul Ball, location: 2F
0-2: Strikes out swinging
Batting: RHB Sergio Mata 0-0: Called Strike
0-1: Ball
1-1: Called Strike
1-2: Strikes out swinging
Batting: LHB Miguel Flores 0-0: Called Strike
0-1: Fly out, F9 (Line Drive, 89M)
Top of the 6th over - 0 run(s), 1 hit(s), 0 error(s), 1 left on base; Kenosha 2 - State College 3
BOTTOM OF THE 6TH
State College Spikes batting - Pitching for Kenosha Kingfish : RHP Jesús Martínez
Batting: RHB Andrew Deal 0-0: SINGLE (Groundball, 6MD)
Batting: RHB Rafael Ortíz 0-0: Foul Ball, location: 2F
0-1: Fly out, F6 (Line Drive, 6)
Batting: RHB Piotr Zahn 0-0: Ball
1-0: Ball
2-0: Ball
3-0: Called Strike
3-1: Foul Ball, location: 2F
3-2: DOUBLE (Line Drive, 9LM)
Andrew Deal to third
Runner from 3rd tries for Home, SAFE, no throw or cutoff
Batting: RHB Martín López 0-0: Ball
1-0: Ball
2-0: Called Strike
2-1: Foul Ball, location: 2F
2-2: Foul Ball, location: 2F
2-2: Foul Ball, location: 2F
2-2: Foul Ball, location: 2F
2-2: Hit by Pitch
Batting: SHB Clint Woods 0-0: Called Strike
0-1: DOUBLE (Flyball, 9D)
Piotr Zahn scores
Martín López to third
Runner from 3rd tries for Home, SAFE, no throw or cutoff
Pitching: RHP Júlio Vargas
Batting: SHB Greg Butterfield 0-0: Ground out 1-3 (Groundball, 15)
Batting: LHB Burt Ward 0-0: Fly out, F8 (Flyball, 8RM)
Bottom of the 6th over - 3 run(s), 3 hit(s), 0 error(s), 1 left on base; Kenosha 2 - State College 6
TOP OF THE 7TH
Kenosha Kingfish batting - Pitching for State College Spikes : RHP Chris Mitchell
Batting: RHB Doug Lutz 0-0: SINGLE (Line Drive, 89S)
Batting: RHB Tommy Davenport 0-0: Ball
1-0: SINGLE (Groundball, 56D)
Doug Lutz to second
Batting: RHB Manuel Gómez 0-0: Ball
1-0: Foul Ball, location: 2F
1-1: Foul Ball, location: 2F
1-2: Ball
2-2: Ground out U3 (Groundball, 3S)
Doug Lutz to third
Tommy Davenport to second
Batting: SHB Júlio Valentín 0-0: Ball
1-0: Ball
2-0: Called Strike
2-1: Ground out 3-1 (Groundball, 34)
Doug Lutz scores
Tommy Davenport to third
Batting: RHB Francisco Martínez 0-0: Ground out 5-3 (Groundball, 5S)
Top of the 7th over - 1 run(s), 2 hit(s), 0 error(s), 1 left on base; Kenosha 3 - State College 6
BOTTOM OF THE 7TH
State College Spikes batting - Pitching for Kenosha Kingfish : RHP Júlio Vargas
Batting: SHB Thomas Simmons 0-0: Ball
1-0: Foul Ball, location: 2F
1-1: Ball
2-1: Foul Ball, location: 2F
2-2: SINGLE (Line Drive, 7S)
Batting: RHB Javier Peńa 0-0: Called Strike
0-1: SINGLE (Line Drive, 56)
Thomas Simmons to second
Batting: RHB Andrew Deal 0-0: Foul Ball, location: 2F
0-1: Sac Bunt - play at first, batter safe!
Thomas Simmons to third
Javier Peńa to second
Batting: RHB Rafael Ortíz 0-0: Fly out, F9 (Line Drive, 9M)
Runner from 3rd tags up, SCORES, no throw
Batting: RHB Piotr Zahn 0-0: Foul Ball, location: 2F
0-1: Fly out, F8 (Flyball, 8LXD)
Runner from 2nd tags up, SAFE at 3rd, no throw
Batting: RHB Martín López 0-0: Foul Ball, location: 2F
0-1: Ball
1-1: SINGLE (Groundball, 56D)
Javier Peńa scores
Andrew Deal to second
Batting: SHB Clint Woods 0-0: Ball
1-0: Called Strike
1-1: Swinging Strike
1-2: Hit by Pitch
Andrew Deal to third
Martín López to second
Batting: SHB Greg Butterfield 0-0: Ball
1-0: Ball
2-0: SINGLE (Line Drive, 89M)
Andrew Deal scores
Martín López to third
Clint Woods to second
Runner from 3rd tries for Home, SAFE, no throw or cutoff
Pitching: RHP Bo Adams
Batting: LHB Burt Ward 0-0: Called Strike
0-1: Foul Ball, location: 2F
0-2: Strikes out looking
Bottom of the 7th over - 4 run(s), 5 hit(s), 0 error(s), 2 left on base; Kenosha 3 - State College 10
TOP OF THE 8TH
Kenosha Kingfish batting - Pitching for State College Spikes : RHP Chris Mitchell
Pitching: RHP António Zapata
Batting: RHB Matt Rodríguez 0-0: Called Strike
0-1: Swinging Strike
0-2: Foul Ball, location: 2F
0-2: Foul Ball, location: 2F
0-2: Ball
1-2: Ball
2-2: Ball
3-2: Strikes out swinging
Batting: SHB Devin Smith 0-0: Ball
1-0: Ball
2-0: Ball
3-0: Called Strike
3-1: Foul Ball, location: 2F
3-2: Base on Balls
Batting: RHB Sergio Mata 0-0: Ball
1-0: Called Strike
1-1: Ball
2-1: Called Strike
2-2: Strikes out swinging
Batting: LHB Miguel Flores 0-0: Ball
1-0: Ball
2-0: Foul Ball, location: 2F
2-1: Ball
3-1: Called Strike
3-2: SINGLE (Line Drive, 78M)
Devin Smith to second
Devin Smith to third
Batting: RHB Doug Lutz 0-0: Called Strike
0-1: Swinging Strike
0-2: Ball
1-2: Strikes out swinging
Top of the 8th over - 0 run(s), 1 hit(s), 0 error(s), 2 left on base; Kenosha 3 - State College 10
BOTTOM OF THE 8TH
State College Spikes batting - Pitching for Kenosha Kingfish : RHP Bo Adams
Batting: SHB Thomas Simmons 0-0: Called Strike
0-1: Fly out, F6 (Popup, 7LS)
Batting: RHB Javier Peńa 0-0: Ball
1-0: SINGLE (Line Drive, 78S)
Batting: RHB Andrew Deal 0-0: Called Strike
0-1: Foul Ball, location: 2F
0-2: Ball
1-2: Strikes out swinging
Batting: RHB Rafael Ortíz 0-0: Called Strike
0-1: Ball
1-1: Foul Ball, location: 2F
1-2: Strikes out looking
Bottom of the 8th over - 0 run(s), 1 hit(s), 0 error(s), 1 left on base; Kenosha 3 - State College 10
TOP OF THE 9TH
Kenosha Kingfish batting - Pitching for State College Spikes : RHP António Zapata
Batting: RHB Tommy Davenport 0-0: Called Strike
0-1: Swinging Strike
0-2: Foul Ball, location: 2F
0-2: Ball
1-2: Foul Ball, location: 2F
1-2: Strikes out swinging
Batting: RHB Manuel Gómez 0-0: Swinging Strike
0-1: Ball
1-1: Ball
2-1: Ball
3-1: Swinging Strike
3-2: Strikes out looking
Batting: SHB Júlio Valentín 0-0: Ball
1-0: Foul Ball, location: 2F
1-1: Ball
2-1: Called Strike
2-2: Foul Ball, location: 2F
2-2: Strikes out swinging
Top of the 9th over - 0 run(s), 0 hit(s), 0 error(s), 0 left on base; Kenosha 3 - State College 10
Monday, December 5th, 2016 - OOTP Baseball 17.12 Build 75